SL
NEW AMSTERDAM DUTCHMEN @ TOLEDO STINGERS
09/16/2031
 
TOP OF THE 1ST
New Amsterdam Dutchmen batting - Pitching for Toledo Stingers : RHP Rob Silva
Pitching: RHP Rob Silva
Batting: LHB Arthur Ryan 0-0: Ball
1-0: SINGLE (Groundball, 34D)
Batting: LHB Jorge Vargas 0-0: Ball
1-0: Called Strike
1-1: Ground out 3-1 (Groundball, 34S)
Arthur Ryan to second
Batting: RHB Jon Osterman 0-0: DOUBLE (Flyball, 8RXD)
Arthur Ryan scores
Batting: LHB SaQwan Hackett 0-0: Swinging Strike
0-1: Ball
1-1: Foul Ball, location: 2F
1-2: Ball
2-2: Fly out, F7 (Flyball, 7D)
Runner from 2nd tags up, SAFE at 3rd, no throw
Batting: RHB Hank Wilder 0-0: Ball
1-0: Foul Ball, location: 2F
1-1: 2-RUN HOME RUN (Flyball, 7D), Distance : 399 ft
Batting: LHB Félix López 0-0: Fly out, F9 (Flyball, 9S)
Top of the 1st over - 3 runs, 3 hits, 0 errors, 0 left on base; New Amsterdam 3 - Toledo 0
BOTTOM OF THE 1ST
Toledo Stingers batting - Pitching for New Amsterdam Dutchmen : RHP Jason Hamilton
Pitching: RHP Jason Hamilton
Batting: RHB Steve Koch 0-0: Ball
1-0: Swinging Strike
1-1: Foul Ball, location: 2F
1-2: Ground out 4-3 (Groundball, 4M)
Batting: RHB Juan Cabrera 0-0: Called Strike
0-1: Foul Ball, location: 2F
0-2: Ball
1-2: Foul Ball, location: 2F
1-2: Ball
2-2: Foul Ball, location: 2F
2-2: DOUBLE (Line Drive, 7D)
Batting: RHB Alfredo Martínez 0-0: Ball
1-0: Called Strike
1-1: Fly out, F8 (Flyball, 8LD)
Batting: LHB Ned Durand 0-0: Ball
1-0: Ball
2-0: SINGLE (Flyball, 78M)
Juan Cabrera to third
Runner from 3rd tries for Home, SAFE, no throw
Batting: RHB Armando Alvarado 0-0: Foul Ball, location: 2F
0-1: Ball
1-1: Swinging Strike
1-2: Ball
2-2: Fly out, F3 (Popup, 23F)
Bottom of the 1st over - 1 run, 2 hits, 0 errors, 1 left on base; New Amsterdam 3 - Toledo 1
TOP OF THE 2ND
New Amsterdam Dutchmen batting - Pitching for Toledo Stingers : RHP Rob Silva
Batting: LHB Sal Bradshaw 0-0: Ball
1-0: Swinging Strike
1-1: Ball
2-1: Foul Ball, location: 2F
2-2: Strikes out looking
Batting: LHB Cornelius Taitt 0-0: Called Strike
0-1: Called Strike
0-2: SINGLE (Flyball, 9S)
Batting: RHB Mario Rivera 0-0: Ball
1-0: Ball
2-0: Swinging Strike
2-1: DOUBLE (Line Drive, 9LS)
Cornelius Taitt to third
Runner from 3rd tries for Home, SAFE, no throw
Batting: LHB Arthur Ryan 0-0: Called Strike
0-1: Foul Ball, location: 2F
0-2: Foul Ball, location: 2F
0-2: Ball
1-2: Foul Ball, location: 2F
1-2: Fly out, F8 (Flyball, 8LM)
Runner from 2nd tags up, SAFE at 3rd with throw
Batting: LHB Jorge Vargas 0-0: Ball
1-0: Called Strike
1-1: Called Strike
1-2: Strikes out swinging
Top of the 2nd over - 1 run, 2 hits, 0 errors, 1 left on base; New Amsterdam 4 - Toledo 1
BOTTOM OF THE 2ND
Toledo Stingers batting - Pitching for New Amsterdam Dutchmen : RHP Jason Hamilton
Batting: RHB Brett Callison 0-0: Ball
1-0: Called Strike
1-1: Ball
2-1: Called Strike
2-2: Ball
3-2: Fly out, F6 (Line Drive, 6)
Batting: LHB Rafael Sánchez 0-0: Ground out 6-3 (Groundball, 6M)
Batting: RHB Héctor Rivera 0-0: Swinging Strike
0-1: Ball
1-1: Foul Ball, location: 2F
1-2: Strikes out swinging
Bottom of the 2nd over - 0 runs, 0 hits, 0 errors, 0 left on base; New Amsterdam 4 - Toledo 1
TOP OF THE 3RD
New Amsterdam Dutchmen batting - Pitching for Toledo Stingers : RHP Rob Silva
Batting: RHB Jon Osterman 0-0: Called Strike
0-1: Foul Ball, location: 2F
0-2: Ball
1-2: Strikes out swinging
Batting: LHB SaQwan Hackett 0-0: Ball
1-0: Ball
2-0: Ball
3-0: Called Strike
3-1: SOLO HOME RUN (Flyball, 9D), Distance : 388 ft
Batting: RHB Hank Wilder 0-0: Called Strike
0-1: Swinging Strike
0-2: Strikes out swinging
Batting: LHB Félix López 0-0: Called Strike
0-1: Called Strike
0-2: Ground out 6-3 (Groundball, 6)
Top of the 3rd over - 1 run, 1 hit, 0 errors, 0 left on base; New Amsterdam 5 - Toledo 1
BOTTOM OF THE 3RD
Toledo Stingers batting - Pitching for New Amsterdam Dutchmen : RHP Jason Hamilton
Batting: RHB Pedro Álvarez 0-0: Called Strike
0-1: Ball
1-1: Ball
2-1: Ball
3-1: Fly out, F8 (Flyball, 8RS)
Batting: RHB Steve Koch 0-0: Ball
1-0: Foul Ball, location: 2F
1-1: Fly out, F8 (Flyball, 8LXD)
Batting: RHB Juan Cabrera 0-0: DOUBLE (Groundball, 5L)
Batting: RHB Alfredo Martínez 0-0: Called Strike
0-1: Ball
1-1: Ball
2-1: Ball
3-1: SINGLE (Groundball, 4MD)
Juan Cabrera to third
Runner from 3rd tries for Home, SAFE, throw made home
Batting: LHB Ned Durand 0-0: Ball
1-0: Fly out, F9 (Flyball, 89M)
Bottom of the 3rd over - 1 run, 2 hits, 0 errors, 1 left on base; New Amsterdam 5 - Toledo 2
TOP OF THE 4TH
New Amsterdam Dutchmen batting - Pitching for Toledo Stingers : RHP Rob Silva
Now at 2B: Mike Burns
Batting: LHB Sal Bradshaw 0-0: Ball
1-0: Foul Ball, location: 2F
1-1: Fly out, F9 (Flyball, 9D)
Batting: LHB Cornelius Taitt 0-0: Called Strike
0-1: Ball
1-1: Ball
2-1: Fly out, F8 (Flyball, 89D)
Batting: RHB Mario Rivera 0-0: Foul Ball, location: 2F
0-1: Foul Ball, location: 2F
0-2: Strikes out swinging
Top of the 4th over - 0 runs, 0 hits, 0 errors, 0 left on base; New Amsterdam 5 - Toledo 2
BOTTOM OF THE 4TH
Toledo Stingers batting - Pitching for New Amsterdam Dutchmen : RHP Jason Hamilton
Batting: RHB Armando Alvarado 0-0: Called Strike
0-1: Ball
1-1: Called Strike
1-2: Strikes out looking
Batting: RHB Brett Callison 0-0: Called Strike
0-1: Foul Ball, location: 2F
0-2: SINGLE (Line Drive, 56D)
Batting: LHB Rafael Sánchez 0-0: Called Strike
0-1: Swinging Strike
0-2: Strikes out swinging
Batting: RHB Héctor Rivera 0-0: Ball
1-0: Ground out 5-3 (Groundball, 56S)
Bottom of the 4th over - 0 runs, 1 hit, 0 errors, 1 left on base; New Amsterdam 5 - Toledo 2
TOP OF THE 5TH
New Amsterdam Dutchmen batting - Pitching for Toledo Stingers : RHP Rob Silva
Batting: LHB Arthur Ryan 0-0: Called Strike
0-1: Ball
1-1: Called Strike
1-2: Ball
2-2: Ground out 4-3 (Groundball, 4M)
Batting: LHB Jorge Vargas 0-0: Foul Ball, location: 2F
0-1: Foul Ball, location: 2F
0-2: Foul Ball, location: 2F
0-2: Ball
1-2: Ball
2-2: Foul Ball, location: 2F
2-2: Ball
3-2: SINGLE (Groundball, 4MD)
Batting: RHB Jon Osterman 0-0: Called Strike
0-1: Foul Ball, location: 2F
0-2: Ball
1-2: Ball
2-2: Strikes out swinging
Batting: LHB SaQwan Hackett 0-0: Ball
1-0: Ball
2-0: Called Strike
2-1: Ground out 6-3 (Groundball, 56)
Top of the 5th over - 0 runs, 1 hit, 0 errors, 1 left on base; New Amsterdam 5 - Toledo 2
BOTTOM OF THE 5TH
Toledo Stingers batting - Pitching for New Amsterdam Dutchmen : RHP Jason Hamilton
Batting: RHB Pedro Álvarez 0-0: Ground out U3 (Groundball, 3D)
Batting: RHB Steve Koch 0-0: Ball
1-0: Swinging Strike
1-1: Foul Ball, location: 2F
1-2: Strikes out looking
Batting: RHB Mike Burns 0-0: Ball
1-0: Ball
2-0: Foul Ball, location: 2F
2-1: Ball
3-1: Fly out, F7 (Flyball, 7LM)
Bottom of the 5th over - 0 runs, 0 hits, 0 errors, 0 left on base; New Amsterdam 5 - Toledo 2
TOP OF THE 6TH
New Amsterdam Dutchmen batting - Pitching for Toledo Stingers : RHP Rob Silva
Batting: RHB Hank Wilder 0-0: Called Strike
0-1: Ball
1-1: Ball
2-1: Foul Ball, location: 2F
2-2: Ball
3-2: Strikes out swinging
Batting: LHB Félix López 0-0: Ball
1-0: Foul Ball, location: 2F
1-1: Called Strike
1-2: Ball
2-2: Ball
3-2: Foul Ball, location: 2F
3-2: SINGLE (Groundball, 6D)
Pitching: RHP Esteban González
Batting: LHB Sal Bradshaw 0-0: Ball
1-0: Called Strike
1-1: Foul Ball, location: 2F
1-2: Ball
2-2: Strikes out looking
Batting: LHB Cornelius Taitt 0-0: Ball
1-0: Swinging Strike
1-1: Foul Ball, location: 2F
1-2: Ball
2-2: SINGLE (Groundball, 34D)
Félix López to second
Runner from 2nd tries for 3rd, SAFE, no throw
Batting: RHB Mario Rivera 0-0: Ball
1-0: Ball
2-0: SINGLE (Line Drive, 7S)
Félix López scores
Cornelius Taitt to second
Batting: LHB Arthur Ryan 0-0: Ball
1-0: Ball
2-0: Foul Ball, location: 2F
2-1: Foul Ball, location: 2F
2-2: Ball
3-2: Strikes out swinging
Top of the 6th over - 1 run, 3 hits, 0 errors, 2 left on base; New Amsterdam 6 - Toledo 2
BOTTOM OF THE 6TH
Toledo Stingers batting - Pitching for New Amsterdam Dutchmen : RHP Jason Hamilton
Batting: RHB Alfredo Martínez 0-0: Ball
1-0: Ball
2-0: Foul Ball, location: 2F
2-1: Ground out 6-3 (Groundball, 6)
Batting: LHB Ned Durand 0-0: Called Strike
0-1: Ball
1-1: Swinging Strike
1-2: Foul Ball, location: 2F
1-2: Foul Ball, location: 2F
1-2: DOUBLE (Groundball, 3L)
Batting: RHB Armando Alvarado 0-0: Ball
1-0: Ball
2-0: Ground out 4-3 (Groundball, 4MD)
Ned Durand to third
Batting: RHB Brett Callison 0-0: Called Strike
0-1: Fly out, F7 (Flyball, 78S)
Bottom of the 6th over - 0 runs, 1 hit, 0 errors, 1 left on base; New Amsterdam 6 - Toledo 2
TOP OF THE 7TH
New Amsterdam Dutchmen batting - Pitching for Toledo Stingers : RHP Esteban González
Batting: LHB Jorge Vargas 0-0: Called Strike
0-1: Ball
1-1: Called Strike
1-2: Fly out, F4 (Line Drive, 4)
Batting: RHB Jon Osterman 0-0: Foul Ball, location: 2F
0-1: Ball
1-1: Called Strike
1-2: Fly out, F7 (Flyball, 7LMF)
Batting: LHB SaQwan Hackett 0-0: Ball
1-0: Foul Ball, location: 2F
1-1: Ground out 4-3 (Groundball, 4)
Top of the 7th over - 0 runs, 0 hits, 0 errors, 0 left on base; New Amsterdam 6 - Toledo 2
BOTTOM OF THE 7TH
Toledo Stingers batting - Pitching for New Amsterdam Dutchmen : RHP Jason Hamilton
Batting: LHB Rafael Sánchez 0-0: Called Strike
0-1: Foul Ball, location: 2F
0-2: Ball
1-2: Foul Ball, location: 2F
1-2: Fly out, F1 (Line Drive, 15)
Batting: RHB Héctor Rivera 0-0: Called Strike
0-1: Ball
1-1: Called Strike
1-2: Ground out 5-3 (Groundball, 56S)
Batting: RHB Pedro Álvarez 0-0: Fly out, F7 (Flyball, 78M)
Bottom of the 7th over - 0 runs, 0 hits, 0 errors, 0 left on base; New Amsterdam 6 - Toledo 2
TOP OF THE 8TH
New Amsterdam Dutchmen batting - Pitching for Toledo Stingers : RHP Esteban González
Batting: RHB Hank Wilder 0-0: Ball
1-0: Ball
2-0: Foul Ball, location: 2F
2-1: Swinging Strike
2-2: Ball
3-2: Foul Ball, location: 2F
3-2: Strikes out swinging
Batting: LHB Félix López 0-0: Called Strike
0-1: Foul Ball, location: 2F
0-2: Ball
1-2: Foul Ball, location: 2F
1-2: Ball
2-2: Ball
3-2: Ground out U3 (Groundball, 34)
Batting: LHB Sal Bradshaw 0-0: Ball
1-0: SINGLE (Groundball, 34D)
Batting: LHB Cornelius Taitt 0-0: Called Strike
0-1: Called Strike
0-2: Strikes out swinging
Top of the 8th over - 0 runs, 1 hit, 0 errors, 1 left on base; New Amsterdam 6 - Toledo 2
BOTTOM OF THE 8TH
Toledo Stingers batting - Pitching for New Amsterdam Dutchmen : RHP Jason Hamilton
Batting: RHB Steve Koch 0-0: Called Strike
0-1: Ball
1-1: Foul Ball, location: 2F
1-2: Foul Ball, location: 2F
1-2: Strikes out swinging
Batting: RHB Mike Burns 0-0: Ball
1-0: Called Strike
1-1: Ball
2-1: Foul Ball, location: 2F
2-2: Foul Ball, location: 2F
2-2: Foul Ball, location: 2F
2-2: Foul Ball, location: 2F
2-2: Ball
3-2: Ground out 3-1 (Groundball, 34D)
Batting: RHB Alfredo Martínez 0-0: Swinging Strike
0-1: Fly out, F7 (Line Drive, 78D)
Bottom of the 8th over - 0 runs, 0 hits, 0 errors, 0 left on base; New Amsterdam 6 - Toledo 2
TOP OF THE 9TH
New Amsterdam Dutchmen batting - Pitching for Toledo Stingers : RHP Esteban González
Batting: RHB Mario Rivera 0-0: Ball
1-0: Called Strike
1-1: Fly out, F9 (Flyball, 9LS)
Batting: LHB Arthur Ryan 0-0: SOLO HOME RUN (Flyball, 89XD), Distance : 427 ft
Batting: LHB Jorge Vargas 0-0: Ball
1-0: Called Strike
1-1: Ball
2-1: Ball
3-1: Ground out 4-3 (Groundball, 4)
Batting: RHB Jon Osterman 0-0: Ball
1-0: Called Strike
1-1: Swinging Strike
1-2: Strikes out swinging
Top of the 9th over - 1 run, 1 hit, 0 errors, 0 left on base; New Amsterdam 7 - Toledo 2
BOTTOM OF THE 9TH
Toledo Stingers batting - Pitching for New Amsterdam Dutchmen : RHP Jason Hamilton
Batting: LHB Ned Durand 0-0: Called Strike
0-1: Ball
1-1: Fly out, F9 (Flyball, 89S)
Batting: RHB Armando Alvarado 0-0: SINGLE (Line Drive, 78M)
Pitching: RHP Ron Madison
Batting: RHB Brett Callison 0-0: Ball
1-0: Ball
2-0: Foul Ball, location: 2F
2-1: Ball
3-1: Foul Ball, location: 2F
3-2: Foul Ball, location: 2F
3-2: Foul Ball, location: 2F
3-2: SINGLE (Groundball, 56D)
Armando Alvarado to second
Batting: LHB Rafael Sánchez 0-0: Grounds into double play, 4-6-3 (Groundball, 4)
Bottom of the 9th over - 0 runs, 2 hits, 0 errors, 1 left on base; New Amsterdam 7 - Toledo 2
Tuesday, June 12th, 2018 - OOTP Baseball 18.8 Build 76